Cogmind - Beta 13 @@@ ROGUE MODE // 2024.04.15 @ 00:31:05 Player: SVIT13 Result: Self-destructed Performance ------------- Evolutions (3) 1500 Regions Visited (5) 1000 Robots Destroyed (30) 150 Value Destroyed (779) 779 Prototype IDs (1) 20 Alien Tech Used (0) 0 Bonus (177) 177 TOTAL SCORE: 3626 Bonus ------- Follower Combat Kills 267 Friendly Fire -90 Cogmind --------- Core Integrity 204/700 Matter 225/300 Energy 84/100 System Corruption 0% Temperature Cool (0) Movement Core (50) Location -7/Factory Parts ------- > --- POWER (1) -------- (None) > --- PROPULSION (4) --- (None) > --- UTILITY (4) ------ (None) > --- WEAPON (4) ------- (None) > --- INVENTORY (5) ---- VSS Leg Advanced Cryofiber Web Large Storage Unit System Shield Datajack Peak State ------------ > --- POWER ------------ Ion Engine > --- PROPULSION ------- Wheel Wheel Armored Wheel Armored Wheel > --- UTILITY ---------- Large Storage Unit Improved Light Armor Plating Improved Light Armor Plating Hacking Suite > --- WEAPON ----------- Pulse Rifle Gauss Rifle Flak Gun Improved Light Cannon > --- INVENTORY -------- Light Nuclear Core Carbon-fiber Leg VSS Leg VSS Leg Compact Wheel Medium Storage Unit Large Storage Unit Light Armor Plating System Shield System Restoration Module Gatling Laser Grenade Launcher Datajack Heavy Flail [Rating: 33] Favorites ----------- Power Ion Engine Engine Ion Engine Power Core Light Nuclear Core Propulsion Wheel Leg VSS Leg Wheel Wheel Utility Large Storage Unit Device Improved Terrain Scanner Storage Large Storage Unit Hackware Hacking Suite Protection Improved Light Armor Plating Weapon Improved Light Cannon Energy Gun Pulse Rifle Ballistic Gun High-powered Shotgun Ballistic Cannon Improved Light Cannon Launcher Grenade Launcher Impact Weapon Heavy Flail Piercing Weapon Makeshift Spear Build | -11 -10 -10 -9 -8 -7 ------- Run | Yrd Mat Min Mat Mat Fac Slots Evolved 6 | . . . 2 2 2 Power . | . . . . . . Propulsion 2 | . . . . 1 1 Utility 2 | . . . 1 1 . Weapon 2 | . . . 1 . 1 Parts Attached 59 | 7 10 3 11 12 16 Power 3 | 1 . . 1 . 1 Engine 2 | 1 . . 1 . . Core 1 | . . . . . 1 Reactor . | . . . . . . Propulsion 20 | 2 2 . 4 5 7 Treads . | . . . . . . Leg 6 | . . . 2 3 1 Wheel 14 | 2 2 . 2 2 6 Hover . | . . . . . . Flight . | . . . . . . Utility 12 | 2 1 1 2 2 4 Device 4 | 1 . 1 1 1 . Storage 3 | 1 1 . 1 . . Processor . | . . . . . . Hackware 1 | . . . . 1 . Protection 4 | . . . . . 4 Artifact . | . . . . . . Weapon 24 | 2 7 2 4 5 4 Energy Gun 3 | . . . 1 1 1 Energy Cannon . | . . . . . . Ballistic Gun 5 | 2 . . 1 1 1 Ballistic Cannon 9 | . 5 1 . 2 1 Launcher 4 | . 2 . . 1 1 Special Weapon . | . . . . . . Impact Weapon 1 | . . . 1 . . Slashing Weapon . | . . . . . . Piercing Weapon 2 | . . 1 1 . . Special Melee Weapon . | . . . . . . Unidentified Prototypes 1 | . . 1 . . . Parts Lost 24 | . . 1 1 2 20 Power 3 | . . . 1 . 2 Propulsion 6 | . . . . . 6 Utility 8 | . . 1 . 1 6 Weapon 7 | . . . . 1 6 Highest Loss Streak 19 | . . 1 1 2 19 To Critical Strikes . | . . . . . . Average Slot Usage (%) 95 | . 96 100 99 86 91 Engine 10 | . 14 14 10 9 6 Leg 3 | . . . 14 1 . Wheel 22 | . 26 28 7 21 27 Device 12 | . 14 14 22 13 2 Storage 10 | . 14 14 11 9 6 Hackware 2 | . . . . 7 6 Protection 3 | . . . . . 11 Energy Gun 4 | . . . 10 3 6 Ballistic Gun 7 | . 9 . 10 5 12 Ballistic Cannon 9 | . 12 19 1 11 6 Launcher 1 | . 4 . . 3 . Impact Weapon 2 | . . . 11 . . Piercing Weapon 2 | . . 8 . . . Naked Turns 4 | . . . . . 4 Heaviest Build 46 | 13 34 34 38 38 46 Greatest Support 50 | 20 20 20 24 40 50 Greatest Overweight (x) 8 | . 8 1 1 1 7 Average Overweight (x) . | . . 1 1 . . Largest Inventory Capacity 15 | 8 15 15 15 15 15 Average Capacity 14 | 7 14 15 15 15 14 Most Carried 15 | 7 15 15 15 13 15 Average Carried 12 | 3 11 14 13 10 13 Final Capacity 15 | 8 15 15 15 15 5 Final Carried 14 | 6 14 14 13 12 5 Class Distribution -------------------- 68% | Mutant 22% | Scavenger-Tank 5% | Skirmisher Dominant Class ---------------- Mutant | -10/Materials Mutant | -10/Mines Mutant | -9/Materials Skirmisher | -8/Materials Scavenger-Tank | -7/Factory Resources | -11 -10 -10 -9 -8 -7 ----------- Run | Yrd Mat Min Mat Mat Fac Matter Collected 1317 | 257 76 215 169 292 308 Remotely . | . . . . . . Salvage Created 791 | 19 64 94 182 265 167 Parts 64 | 4 8 3 13 19 17 Haulers Intercepted . | . . . . . . Recyclers Shooed 1 | . . . . . 1 Parts Field Recycled . | . . . . . . Retrieved Matter . | . . . . . . Parts Self-Destructed . | . . . . . . Prevented . | . . . . . . Kills | -11 -10 -10 -9 -8 -7 ------- Run | Yrd Mat Min Mat Mat Fac Combat Hostiles Destroyed 17 | . 4 . 4 6 3 Guns 6 | . . . 4 1 1 Cannons 3 | . 3 . . . . AOE 8 | . 1 . . 5 2 Classes Destroyed 10 | 1 3 2 1 3 . Worker 2 | . . 1 . . 1 Builder 4 | . . . . 2 2 Tunneler 2 | 1 . . . . 1 Recycler 1 | . . 1 . . . Operator 1 | . . . . 1 . Watcher 3 | . 1 . 1 . 1 Swarmer 4 | . 3 . 1 . . Grunt 8 | . 1 . 1 4 2 Sentry 3 | . . . 2 . 1 Hunter 2 | . . . . 2 . Best Kill Streak 7 | 1 4 2 1 7 5 Combat Bots Only 3 | . 3 . 1 3 2 Max Kills in Single Turn 2 | 1 1 1 1 2 1 Gunslinging . | . . . . . . Exploded 2 | . 1 . . 2 1 Melee . | . . . . . . Uniques/NPCs Destroyed . | . . . . . . Combat | -11 -10 -10 -9 -8 -7 -------- Run | Yrd Mat Min Mat Mat Fac Hostile Shots Fired 227 | . 27 . 24 52 124 Missed 65 | . 10 . 6 20 29 Damage Taken 2633 | . 168 . 244 484 1737 Core 657 | . 56 . 46 59 496 Absorbed by Shields . | . . . . . . Core Remaining (%) 88 | 100 . 77 88 89 . Volleys Fired 84 | 10 11 3 16 21 23 Largest 4 | 2 2 2 2 3 4 Hottest 158 | 40 78 78 88 132 158 Shots Fired 195 | 20 22 6 32 46 69 Gun 127 | 20 6 . 32 14 55 Cannon 52 | . 12 6 . 26 8 Launcher 16 | . 4 . . 6 6 Special . | . . . . . . Kinetic 139 | 20 18 6 16 38 41 Thermal 40 | . . . 16 2 22 Explosive 16 | . 4 . . 6 6 Electromagnetic . | . . . . . . Robot Hit Streak 7 | 5 6 1 7 3 5 Robot Miss Streak 8 | 4 2 2 7 6 8 Penetration Max 1 | . . . . . 1 Secondary Targets . | . . . . . . Shots Hit Robots 96 | 12 11 3 18 18 34 Core Hits 65 | 2 9 2 6 18 28 Critical Kills 2 | . . . 1 . 1 Critical Parts Destroyed . | . . . . . . Critical Strikes 3 | . . . 1 1 1 Destroy 2 | . . . 1 . 1 Blast 1 | . . . . 1 . Melee Attacks 3 | . . . 3 . . Impact 3 | . . . 3 . . Slashing . | . . . . . . Piercing . | . . . . . . Sneak Attacks . | . . . . . . Combat Hostiles . | . . . . . . Follow-up Attacks . | . . . . . . Damage Inflicted 2772 | 96 282 60 350 912 1072 Guns 1236 | 96 20 . 303 137 680 Cannons 374 | . 101 60 . 172 41 Explosions 1115 | . 161 . . 603 351 Melee 47 | . . . 47 . . Ramming . | . . . . . . Kinetic 1211 | 96 121 60 155 275 504 Thermal 399 | . . . 148 34 217 Explosive 1115 | . 161 . . 603 351 Electromagnetic . | . . . . . . Impact 47 | . . . 47 . . Slashing . | . . . . . . Piercing . | . . . . . . Highest Corruption 1 | . . . 1 . . Average Corruption 1 | . . . 1 . . Corruption Purged . | . . . . . . Corruption Blocked . | . . . . . . Overload Shots . | . . . . . . Overflow Damage 49 | . 20 . 7 22 . Projectiles 34 | . 20 . . 14 . Explosions 8 | . . . . 8 . Melee 7 | . . . 7 . . Knockbacks 8 | . 3 1 . 4 . Impact . | . . . . . . Kinetic 7 | . 2 1 . 4 . Secondary 1 | . 1 . . . . Self-Inflicted Damage 44 | . 32 . . 12 . Shots 2 | . 1 . . 1 . Rammed . | . . . . . . Targets Rammed . | . . . . . . Kicked . | . . . . . . Crushed . | . . . . . . Highest Temperature 482 | . 72 56 36 54 482 Average Temperature 121 | . 24 25 19 19 237 Received Heat Transfer 750 | . 18 . 36 162 534 Effects 7 | . . . . . 7 Shutdowns 1 | . . . . . 1 Energy Bleed 1 | . . . . . 1 Matter Decay 2 | . . . . . 2 Damage (minor) 3 | . . . . . 3 Siege Activations . | . . . . . . Robots Corrupted . | . . . . . . Combat Hostiles . | . . . . . . Parts Fried . | . . . . . . Impact Corruptions 1 | . . . 1 . . Robots Melted . | . . . . . . Combat Hostiles . | . . . . . . Parts Melted 1 | . . . . 1 . Heat Transferred 877 | . . . 333 74 470 Parts Sabotaged . | . . . . . . Parts Stolen . | . . . . . . Parts Stripped . | . . . . . . Power Chain Reactions . | . . . . . . Alert | -11 -10 -10 -9 -8 -7 ------- Run | Yrd Mat Min Mat Mat Fac Peak Influence 331 | 5 174 67 126 224 331 Initial 101 | . 3 67 3 18 101 Average 72 | . 56 41 68 93 117 Maximum Alert Level 1 | . . . . 1 1 Low Security (%) 97 | 100 100 100 100 85 95 Level 1 2 | . . . . 14 4 Level 2 . | . . . . . . Level 3 . | . . . . . . Level 4 . | . . . . . . Level 5 . | . . . . . . High Security . | . . . . . . Max Security . | . . . . . . Squads Dispatched 12 | . 1 1 1 5 4 Investigation 3 | . . 1 . 2 . Extermination 1 | . . . . . 1 Reinforcement 6 | . 1 . 1 2 2 Assault . | . . . . . . Garrison 2 | . . . . 1 1 Intercept . | . . . . . . Searches Triggered . | . . . . . . Construction Impeded 2 | . . . . 1 1 Haulers Reinforced . | . . . . . . Active Scanning Responses . | . . . . . . Cargo Convoy Interrupts . | . . . . . . Stealth | -11 -10 -10 -9 -8 -7 --------- Run | Yrd Mat Min Mat Mat Fac Distress Signals 5 | . 2 . 1 1 1 Communications Jammed . | . . . . . . Distress Signals . | . . . . . . Times Spotted 59 | . 11 . 18 13 17 Peak Tracking Total 6 | . 4 . 5 5 6 Tactical Retreats 1 | . . . . . 1 Traps | -11 -10 -10 -9 -8 -7 ------- Run | Yrd Mat Min Mat Mat Fac Traps Triggered 4 | . 2 . 1 1 . Indirectly . | . . . . . . Trap Hack Attempts . | . . . . . . Triggered . | . . . . . . Disarmed . | . . . . . . Reprogrammed 4 | . . . 4 . . Reused . | . . . . . . Traps Extracted . | . . . . . . Installed . | . . . . . . Triggered . | . . . . . . Machines | -11 -10 -10 -9 -8 -7 ---------- Run | Yrd Mat Min Mat Mat Fac Machines Disabled 2 | . . . . 1 1 Max in Single Turn 1 | . . . . 1 1 Machines Repaired . | . . . . . . Machines Dismantled . | . . . . . . Machines Sabotaged . | . . . . . . Overloaded Fab Kills . | . . . . . . Hacking | -11 -10 -10 -9 -8 -7 --------- Run | Yrd Mat Min Mat Mat Fac Machines Accessed 13 | . 3 1 4 1 4 Terminals 6 | . 2 . 3 . 1 Fabricators 2 | . . . . . 2 Repair Stations . | . . . . . . Recycling Units 2 | . 1 . 1 . . Scanalyzers 1 | . . . . . 1 Garrison Access 1 | . . . . 1 . Total Hacks 32 | . 11 1 12 3 5 Successful 19 | . 6 1 7 1 4 Failed 13 | . 5 . 5 2 1 Catastrophic 1 | . . . . . 1 Database Lockouts . | . . . . . . Manual . | . . . . . . Terminals 18 | . 7 . 10 . 1 Fabricators 2 | . . . . . 2 Repair Stations . | . . . . . . Recycling Units 6 | . 4 . 2 . . Scanalyzers 2 | . . . . . 2 Garrison Access 3 | . . . . 3 . Terminal Hacks 11 | . 2 1 7 . 1 Record 3 | . . . 3 . . Open Door 1 | . . 1 . . . Open DSF 1 | . . . . . 1 Terminal Index 1 | . . . 1 . . Alert Level 1 | . . . 1 . . Locate Traps 1 | . 1 . . . . Reprogram Traps 1 | . . . 1 . . Zone Layout 2 | . 1 . 1 . . Fabricator Hacks 2 | . . . . . 2 Build 2 | . . . . . 2 Repair Station Hacks . | . . . . . . Recycling Unit Hacks 4 | . 4 . . . . Process 1 | . 1 . . . . Report Inventory 1 | . 1 . . . . Retrieve Matter 1 | . 1 . . . . Retrieve Components 1 | . 1 . . . . Scanalyzer 1 | . . . . . 1 Insert Component 1 | . . . . . 1 Garrison Access Hacks 1 | . . . . 1 . Unlock Access 1 | . . . . 1 . Unauthorized Hacks . | . . . . . . Terminals . | . . . . . . Fabricators . | . . . . . . Repair Stations . | . . . . . . Recycling Units . | . . . . . . Scanalyzers . | . . . . . . Garrison Access . | . . . . . . Data Cores Recovered 1 | . . . . 1 . Used . | . . . . . . Hacking Detections 5 | . 2 . 1 1 1 Full Trace Events 1 | . . . . 1 . Feedback Events . | . . . . . . Feedback Blocked . | . . . . . . Robot Schematics Acquired . | . . . . . . Robots Built 2 | . . . . . 2 Authchips . | . . . . . . Time 67 | . . . . . 67 Total Robot Build Rating 8 | . . . . . 8 Part Schematics Acquired . | . . . . . . Parts Built 1 | . . . . . 1 Authchips . | . . . . . . Time 58 | . . . . . 58 Total Part Build Rating 7 | . . . . . 7 Parts Repaired . | . . . . . . Time . | . . . . . . Parts Recycled . | . . . . . . Recycled Matter . | . . . . . . Retrieved Matter . | . . . . . . Retrieved Components 1 | . 1 . . . . Parts Scanalyzed 1 | . . . . . 1 Part Schematics Acquired . | . . . . . . Parts Damaged 1 | . . . . . 1 Bothacking | -11 -10 -10 -9 -8 -7 ------------ Run | Yrd Mat Min Mat Mat Fac Used RIF Installer . | . . . . . . Robots Hacked . | . . . . . . Non-combat . | . . . . . . Combat . | . . . . . . Robot Hacks Applied . | . . . . . . Relay Couplers Released . | . . . . . . Fabnet Peak Effective % . | . . . . . . Robots Rewired . | . . . . . . Allies Hacked . | . . . . . . Hacks Repelled . | . . . . . . Allies | -11 -10 -10 -9 -8 -7 -------- Run | Yrd Mat Min Mat Mat Fac Total Allies 2 | . . . . . 2 Largest Group 2 | . . . . . 2 Highest-Rated Group 64 | . . . . . 64 Highest-Rated Ally 32 | . . . . . 32 Total Orders . | . . . . . . Ally Attacks 21 | . . . . . 21 Total Damage 903 | . . . . . 903 Kills 8 | . . . . . 8 Allies Corrupted . | . . . . . . Allies Melted . | . . . . . . Intel | -11 -10 -10 -9 -8 -7 ------- Run | Yrd Mat Min Mat Mat Fac Robot Analysis Total . | . . . . . . Derelict Logs Recovered 1 | . . 1 . . . Drone Launches . | . . . . . . Drone Recoveries . | . . . . . . Exploration | -11 -10 -10 -9 -8 -7 ------------- Run | Yrd Mat Min Mat Mat Fac Turns Passed 2499 | 88 300 653 576 221 661 Spaces Moved 1822 | 56 252 618 345 130 421 Core 18 | 10 2 . . . 6 Treads . | . . . . . . Legs 198 | . . . 176 10 12 Wheels 1606 | 46 250 618 169 120 403 Hover . | . . . . . . Flight . | . . . . . . Fastest Speed 50 | 50 80 95 95 93 50 Average Speed 103 | 74 96 95 139 102 95 Slowest Speed 450 | 80 450 95 180 105 400 Overloaded Moves . | . . . . . . Propulsion Burnouts . | . . . . . . Robots Hopped . | . . . . . . Cave-ins Triggered . | . . . . . . Exploration Rate (%) 35 | 3 43 97 40 20 10 Regions Visited 5 Branch Regions 1 Pre-discovered Areas . | . . . . . . Known Exits Taken . | . . . . . . Unknown Exits Taken 5 | 1 1 1 1 1 . Scrap Searched 1 | . . 1 . . . Spaces Dug . | . . . . . . Terrain Destroyed 82 | . 25 . . 31 26 Melee . | . . . . . . Projectile 6 | . 1 . . 3 2 AOE 76 | . 24 . . 28 24 Terrain Rammed . | . . . . . . Walls Destroyed . | . . . . . . Machines Disabled . | . . . . . . Actions | -11 -10 -10 -9 -8 -7 --------- Run | Yrd Mat Min Mat Mat Fac Total 2255 | 85 286 679 403 173 629 Wait 217 | . . 42 11 3 161 Move 1817 | 55 251 617 344 129 421 Hop . | . . . . . . Pick Up 56 | 13 13 7 10 6 7 Fast Attach . | . . . . . . Attach 30 | 7 4 1 3 5 10 Detach . | . . . . . . Swap 30 | . 6 3 8 7 6 Drop 18 | . 1 6 8 2 1 Fire 84 | 10 11 3 16 21 23 Melee 3 | . . . 3 . . Ram . | . . . . . . Kick . | . . . . . . Crush . | . . . . . . Escape Stasis . | . . . . . . Rewire . | . . . . . . Trap . | . . . . . . Miscellaneous . | . . . . . . Route ------- -11/Scrapyard -10/Materials (discovered 2 exits: *Mat / *Min) -10/Mines (discovered 3 exits: *Mat x2 / [*Exi]) -9/Materials -8/Materials (discovered 2 exits: *Fac / Gar) -7/Factory History --------- Turn | Location | Event 5 | -11/Scrapyard | Discovered new exit (range 13) 89 | -11/Scrapyard | Entered Materials 263 | -10/Materials | Discovered new exit (range 16) 307 | -10/Materials | Build established: Mutant 379 | -10/Materials | Discovered new exit (range 6) 389 | -10/Materials | Entered Mines 438 | -10/Mines | Learned Materials stockpile data 442 | -10/Mines | A weapon hastily lodged in a ceiling crevice suddenly fell to the ground 494 | -10/Mines | Discovered new exit (range 15) 553 | -10/Mines | Met a Derelict shopkeep closing up shop 608 | -10/Mines | Deemed a non-threat by the Exiles lab entrance 608 | -10/Mines | Discovered new exit (range 5) 738 | -10/Mines | Discovered new exit (range 9) 820 | -10/Mines | Found a damaged Exp. Sensor Array with a note attached 827 | -10/Mines | Found Prototype Device 842 | -10/Mines | Identified Exp. Sensor Array 1042 | -10/Mines | Entered Materials 1042 | -9/Materials | Evolved 2 slots: Utility x1, Weapon x1 1593 | -9/Materials | Discovered new exit (range 15) 1618 | -9/Materials | Entered another Materials area 1618 | -8/Materials | Evolved 2 slots: Propulsion x1, Utility x1 1678 | -8/Materials | Identified exit to Garrison 1747 | -8/Materials | Garrison activated, responded to threat 1755 | -8/Materials | Met 7R-MNS 1836 | -8/Materials | Discovered new exit (range 4) 1839 | -8/Materials | Entered Factory 1839 | -7/Factory | Evolved 2 slots: Propulsion x1, Weapon x1 1840 | -7/Factory | Caught up to 7R-MNS 2109 | -7/Factory | Fabricated Adv. Cryofiber Web (x1) 2200 | -7/Factory | Build established: Scavenger-Tank 2210 | -7/Factory | Fabricated Y-54 Guardian (x2) 2420 | -7/Factory | Garrison activated, responded to threat 2472 | -7/Factory | Core integrity fell below 50% 2500 | -7/Factory | Self-destructed Last Messages --------------- 02482_ Acquired 63 matter. 02483_ U-05 Engineer builds a Wall. 02483_ Lgt. Nuclear Core destroyed. 02483_ Lrg. Storage Unit destroyed. 02483_ Critical hit (Blast). 02483_ Knocked back. 02484_ U-05 Engineer lays Concrete. 02484_ K-01 Serf collects debris. 02484_ U-05 Engineer builds a Wall. 02485_ Acquired 62 matter. 02485_ U-05 Engineer lays Concrete. 02486_ Com. Wheel destroyed. 02486_ Critical hit (Burn: +37). 02487_ K-01 Serf collects debris. 02487_ U-05 Engineer builds a Wall. 02490_ K-01 Serf collects debris. 02492_ U-05 Engineer lays Concrete. 02494_ U-05 Engineer builds a Wall. 02495_ K-01 Serf collects debris. 02496_ Carbon-fiber Leg destroyed. Map ----- +----------------------------------------------------+ | # # #?????????????????????????????? | | # # ^ """" ??????????????????????????????? | | ##+###### """" #????#+#??????????????????????? | | """" ###??# +?????????????????????? | | ####### #??# #?????????????????????? | | #?## """ #?## #?????????????????????? | | "" #?# """ #?# +?????????????????????? | | #?#T ! """ #?# #????????#????????????? | | #?## % #?# #??????? #????????????? | | #?# """ #?# #????###+#####????????? | | #?# """ ### ##???# #????????? | | #?## """ r ##### #????????? | | ####??# #????????? | | ######## """" #????????? | | """" ########## | | """" ##### | | #???# ########## | | #???#########????????? | | ############# #????????????????????? | | #???????????# #????????????????????? | | #???????????# #????????????????????? | | #??########## #????????????????????? | | #??# # #????????????????????? | | #######??# """"" # #????????????????????? | | #????????# """"" # ########?????????????? | | % #????????# """ # @ #?????????????? | | %#????????# + #?????????????? | | + ???????# """"" # #?????????????? | | % # ?????# """"" # #?????????????? | | %#? ???# """ # #?????????????? | | #+###?? ==??# ######## #?????????????? | | ?????????==??##########??????# #?????????????? | | ??????????=????????########### #?????????????? | | ???????????????????# #?????????????? | | ?????????????????? #?????????????? | | ??????????????????## #?????????????? | | ???????????????????##+######## #??????????? ? | | ????????????????????????????## % #???????? | | ????????????????????????????## % H####### | | ????????????????????????????## [ | | ????????????????????????????#" %%[ !% | | ????????????????????????????##[ =!% | | ???????????????????????????# #% *! | | ??????????????????????" #!%= | | ??????????????????????##### ####/######### | | ????????????????????????"" = ! ?????# | | ????????????????????????"" % ??????? ? | | ???????????????????????? " #????????? ? | | ?????????????????????? """" ?????????? ? | | ?????????????????????? """" # ?????????????? | +----------------------------------------------------+ Best States ------------- Heat Dissipation 34 Energy Generation 10 Energy Capacity 250 Matter Stores 300 Matter Capacity 300 Sight Range 16 Robot Scan Range 14 Terrain Scan Range 16 Terrain Scan Density 10 Armor Coverage 300 Evasion (%) 52 Offensive Hacking 10 Item Schematics ----------------- None Robot Schematics ------------------ None Fabricated ------------ Adv. Cryofiber Web | x1 | -7/Factory | Preloaded Y-54 Guardian | x2 | -7/Factory | Preloaded Alien Tech Used ----------------- None Achievements -------------- Just What I Needed Made in Tau Ceti IV My Command Is Your Wish Please Form A Line Challenges ------------ None Game ------ Seed ForceSystemGravjet Manual? 0 Play Time 00:45:08 Cumulative 3.4 hours Start 2024.04.14 @ 23:47:36 End 2024.04.15 @ 00:31:05 Sessions 1 Manual Loads 0 Difficulty Rogue Special Mode None Game No. 4 Rogue 4 Adventurer 0 Explorer 0 Win Type - Total 0 Types 0/0/0/0/0/0/0/0/0 Lore% 4 Gallery% 6 Achievement% 7 Wizard Run 0 Options --------- Layout 2 ASCII 0 Keyboard 0 Movement Mouse Keybinds 0 Fullscreen 2 Font 24/Smallcaps Map View 25x22 Zoom Use 93% Tactical HUD 1 Map Filters NONE Filters NONE Steam 1 RUN: 08b8199f-f5da-48bb-9916-5e5e6b217469